 Dungeon Crawl Stone Soup version 0.27-a0-1191-g601b473118 (webtiles) character file.

Game seed: 14094982020450342896

2667 spiderkeys the Cleaver (level 9, -1/81 HPs)
             Began as a Hill Orc Fighter on May 24, 2021.
             Was a Follower of Beogh.
             Slain by a killer bee (7 damage)
             ... on level 6 of the Dungeon.
             The game lasted 00:12:40 (9528 turns).

spiderkeys the Cleaver (Hill Orc Fighter)           Turns: 9528, Time: 00:12:41

Health: -1/81      AC: 14    Str: 22    XL:     9   Next: 63%
Magic:  12/12      EV:  5    Int:  8    God:    Beogh [*.....]
Gold:   485        SH:  0    Dex: 10    Spells: 8/8 levels left

rFire    + . .     SeeInvis .   D - +2 broad axe of Beogh's Benevolence {freeze, rF+ Will++}
rCold    . . .     Faith    +   c - +0 kite shield
rNeg     + . .     Spirit   .   o - +0 plate armour
rPois    .         Reflect  .   (no helmet)
rElec    .         Harm     .   v - +0 cloak
rCorr    .         Rampage  .   (no gloves)
Will     ++...                  (no boots)
Stlth    ..........             T - amulet of faith {!P}
HPRegen  0.23/turn              N - ring of positive energy
MPRegen  0.13/turn              (no ring)

@: confused, lethally poisoned (-1 -> -15), ambrosia-drunk, studying Axes
A: no striking features
a: Renounce Religion


You were on level 6 of the Dungeon.
You worshipped Beogh.
Beogh was aware of your devotion.
You visited 1 branch of the dungeon, and saw 7 of its levels.
You also visited: Ossuary.

You collected 485 gold pieces.


   Skills:
 + Level 8.2 Fighting
 + Level 11.2 Axes
 + Level 7.4 Armour
 + Level 7.5 Shields
 * Level 4.6 Invocations


You had 8 spell levels left.
You didn't know any spells.
Your spell library contained the following spells:

 Spells                   Type           Power      Damage    Failure   Level
 Beastly Appendage        Tmut           0%         N/A       100%        1
 Wereblood                Tmut           0%         N/A       100%        2
 Spider Form              Tmut/Pois      0%         N/A       100%        3
 Ice Form                 Ice/Tmut       0%         N/A       100%        4
 Hydra Form               Tmut           0%         N/A       100%        5

Inventory:

Hand Weapons
 b - a +0 vorpal hunting sling
   (You found it on level 2 of the Dungeon)
 D - the +2 broad axe of Beogh's Benevolence (weapon) {freeze, rF+ Will++}
   (You acquired it on level 5 of the Dungeon)

   It has been specially enchanted to freeze those struck by it, causing extra
   injury to most foes and up to half again as much damage against particularly
   susceptible opponents.
   It can also slow down cold-blooded creatures.
   It protects you from fire.
   It greatly increases your willpower.
Missiles
 a - a curare-tipped dart {=f}
 e - 268 stones (quivered)
 f - 134 sling bullets
 g - 44 poisoned darts
 j - 6 javelins
 k - 58 arrows
 r - 8 bolts
 s - 4 boomerangs
Armour
 c - a +0 kite shield (worn)
 o - a +0 plate armour (worn)
   (You took it off an orc warrior on level 7 of the Dungeon)
 v - a +0 cloak (worn)
   (You found it on level 4 of the Dungeon)
Jewellery
 N - a ring of positive energy (left hand)
   (You found it on level 7 of the Dungeon)
 T - an amulet of faith (around neck) {!P}
   (You found it on level 1 of the Dungeon)
Wands
 n - a wand of polymorph (3)
   (You found it on level 7 of the Dungeon)
 C - a wand of flame (18)
   (You found it on level 5 of the Dungeon)
Scrolls
 q - a scroll of fear
 t - a scroll of enchant weapon
 u - 4 scrolls of immolation {!r!r}
 y - a scroll of torment {!r}
 z - a scroll of fog
 A - a scroll of brand weapon
Potions
 d - 2 potions of might
 i - a potion of haste {@q3}
 p - a potion of berserk rage {!q}
 w - a potion of attraction {!q}
 x - 2 potions of flight
 B - a potion of cancellation

Dungeon Overview and Level Annotations

Branches:
Dungeon (7/15)             Temple (0/1) D:5         Ossuary (visited)

Altars:
Ashenzari
Cheibriados
Kikubaaqudgha
Makhleb

.# #........##...^.#.#.#.# .#
#........#####..#.#.#.# .#
#........# #..#<#.#.#
.###########+#....#####..###.#.#
........####.#...............#.#
.................>.###########.#
###.................#..........#
# #..##.####.#####..#.##########
# #.............@y.)#.#
###...#.#..#.#####..#.#
.##...#.#......)<...#.#
.##...#g#...........#.#
..#...#g#..........##.####
..#....###.#+#...#.......#
#......'_[....#######.##.#
##....####....+.......##.#
#....#.......##########.#


You could see a killer bee.


Message History

You are more poisoned.
The killer bee poisons you! You block the killer bee's attack.
The killer bee stings you!
* * * LOW HITPOINT WARNING * * *
😨 HP[-11]
You take 11 damage, and now have 39/81 hp.
You slash the killer bee! You freeze the killer bee.
You feel very sick.
The killer bee stings you but does no damage. x2 😨 HP[-3]
You take 3 damage, and now have 36/81 hp.
Your plate armour prevents you from hitting the killer bee.
You feel sick.
You block the killer bee's attack. x2 😨 HP[-2]
You take 2 damage, and now have 34/81 hp.
You miss the killer bee.
You feel sick. The killer bee barely misses you.
The killer bee stings you but does no damage.
You block the killer bee's attack. 😨 HP[-1]
You take 1 damage, and now have 33/81 hp.
You slash the killer bee! You freeze the killer bee.
You kill the killer bee!
Beogh accepts your kill.
You feel sick. You block the killer bee's attack.
The killer bee closely misses you. 😨 HP[-1]
You take 1 damage, and now have 32/81 hp.
You miss the killer bee.
You feel sick. The killer bee closely misses you.
The killer bee stings you but does no damage. 😨 HP[-1]
You take 1 damage, and now have 31/81 hp.
Your plate armour prevents you from hitting the killer bee.
You feel sick.
The killer bee stings you but does no damage. x2 😨 HP[-1]
You take 1 damage, and now have 30/81 hp.
You slash the killer bee! You freeze the killer bee.
You kill the killer bee!
Beogh accepts your kill.
You feel sick.
You are no longer poisoned.
The killer bee closely misses you. 😨 HP[-1]
You take 1 damage, and now have 29/81 hp.
You closely miss the killer bee. The killer bee stings you.
* * * LOW HITPOINT WARNING * * *
The killer bee stings you.
* * * LOW HITPOINT WARNING * * *
You are poisoned.
The killer bee poisons you! 😨 HP[-4]
You take 4 damage, and now have 25/81 hp.
You hit the killer bee. You freeze the killer bee.
You feel very sick. The killer bee closely misses you.
You block the killer bee's attack. x2 😨 HP[-3]
You take 3 damage, and now have 22/81 hp.
You hit the killer bee. You freeze the killer bee.
You feel sick.
You block the killer bee's attack. x2 😨 HP[-1]
You take 1 damage, and now have 21/81 hp.
You barely miss the killer bee.
You feel sick. The killer bee stings you.
* * * LOW HITPOINT WARNING * * *
You block the killer bee's attack. The killer bee stings you!
* * * LOW HITPOINT WARNING * * *
😱 HP[-13]
You take 13 damage, and now have 8/81 hp.
You feel better. The killer bee stings you.
* * * LOW HITPOINT WARNING * * *
You are poisoned.
The killer bee poisons you!
The killer bee stings you but does no damage. 😱 HP[+4]
You regained 4 hp, and now have 12/81 hp.
You miss the killer bee.
You feel sick.
You block the killer bee's attack. x2 😱 HP[-2]
You take 2 damage, and now have 10/81 hp.
Okay, then.
You closely miss the killer bee.
You feel sick. You block the killer bee's attack. The killer bee stings you.
* * * LOW HITPOINT WARNING * * *
You are lethally poisoned!
The killer bee poisons you! 😱 HP[-3]
You take 3 damage, and now have 7/81 hp.
Drinking this now will have no effect.
You are confused.
You feel invigorated.
* * * LOW HITPOINT WARNING * * *
You feel sick.
The killer bee stings you but does no damage.
The killer bee stings you.
* * * LOW HITPOINT WARNING * * *
You are more poisoned.
The killer bee poisons you! 😱 HP[+1]
* * * LOW HITPOINT WARNING * * *
You feel very sick. The killer bee stings you!
You die...

Skill      XL: |  1  2  3  4  5  6  7  8  9 |
---------------+----------------------------+-----
Axes           | 3 4 5 6 8 10 11 | 11.2
Fighting       | 4 5 6 7 8 |  8.2
Shields        | 4 5 6 7 |  7.5
Armour         | 4 5 6 7 |  7.4
Invocations    | 4 |  4.6

Action                   |  1- 3 |  4- 6 |  7- 9 || total
-------------------------+-------+-------+-------++-------
Melee: War axe           |   130 |   230 |    91 ||   451
       Broad axe         |       |       |   165 ||   165
 Fire: Hunting sling     |       |       |     7 ||     7
Invok: Convert to Beogh  |       |       |     1 ||     1
  Use: Scroll            |       |     6 |    16 ||    22
       Potion            |       |     1 |     7 ||     8
Armor: Scale mail        |    75 |    87 |    70 ||   232
       Chain mail        |       |       |    59 ||    59
       Plate armour      |       |       |    40 ||    40
Dodge: Dodged            |    35 |    64 |    76 ||   175
Block: Kite shield       |    76 |   117 |   155 ||   348

Levels and vault maps discovered:
D:1:      nzn_arrival_depleted_hourglass, layout_basic, corexii_leaking_fountain
D:2:      layout_rooms, hellmonk_ecumenical_altar_leap_of_faith
D:3:      layout_basic
D:4:      corexii_shantytown, layout_basic, grunt_ministairs_2
D:5:      layout_basic, gammafunk_temple_overflow_statue,
          minmay_temple_entry_proselytizer, gup_sewer_entry_bowl,
          enter_ossuary_2
D:6:      layout_basic, kennysheep_mini, minmay_misc_feat_plants
D:7:      layout_cave_pools, bloody_makhleb, nemelex_diamond_rough_becter,
          serial_shops, kennysheep_little_box, nrook_mini_vaults,
          chequers_serial_rivers_small_3

Notes
Turn   | Place    | Note
-------+----------+-------------------------------------------
     0 | D:1      | spiderkeys the Hill Orc Fighter began the quest for the
                  | Orb.
     0 | D:1      | Reached XP level 1. HP: 19/19 MP: 1/1
     0 | D:1      | magus.rc [v1.9.10]
   201 | D:1      | Reached XP level 2. HP: 23/27 MP: 2/2
   207 | D:1      | Reached skill level 3 in Axes
  1290 | D:2      | Reached skill level 4 in Fighting
  1292 | D:2      | Reached XP level 3. HP: 29/33 MP: 3/3
  1331 | D:2      | Found a faded altar of an unknown god.
  1477 | D:2      | HP: 7/33 [adder (2)]
  1479 | D:2      | HP: 3/33 [poisoned by an adder]
  1481 | D:2      | HP: 1/33 [poisoned by an adder]
  2159 | D:2      | Reached XP level 4. HP: 40/40 MP: 4/4
  2186 | D:3      | Identified a scroll of acquirement
  2186 | D:3      | Acquired a manual of Axes
  2308 | D:3      | Reached skill level 4 in Shields
  2426 | D:3      | Reached skill level 4 in Axes
  2426 | D:3      | Reached skill level 4 in Armour
  3162 | D:4      | Reached XP level 5. HP: 46/47 MP: 5/5
  3300 | D:4      | Reached skill level 5 in Axes
  3612 | D:4      | Reached XP level 6. HP: 53/55 MP: 6/6
  3627 | D:4      | Reached skill level 5 in Fighting
  3881 | D:4      | HP: 14/56 [poisoned by a scorpion]
  4121 | D:4      | Reached skill level 6 in Axes
  4549 | D:4      | Reached skill level 5 in Shields
  4724 | D:4      | Reached skill level 5 in Armour
  4978 | D:4      | Reached XP level 7. HP: 46/61 MP: 7/7
  5131 | D:5      | Entered Level 5 of the Dungeon
  5150 | D:5      | Reached skill level 7 in Axes
  5287 | D:5      | Found a sand-covered staircase.
  5292 | Ossuary  | Entered an ossuary
  5346 | Ossuary  | Reached skill level 6 in Fighting
  5960 | D:5      | Found a staircase to the Ecumenical Temple.
  5961 | D:5      | Became a worshipper of Beogh the Brigand
  6062 | D:5      | Reached skill level 8 in Axes
  6065 | D:5      | Reached XP level 8. HP: 22/71 MP: 8/8
  6352 | D:5      | Reached skill level 6 in Shields
  6368 | D:5      | Reached skill level 6 in Armour
  6425 | D:5      | Found an ancient bone altar of Kikubaaqudgha.
  6425 | D:5      | Found a snail-covered altar of Cheibriados.
  6773 | D:5      | Acquired the +2 broad axe of Beogh's Benevolence {freeze,
                  | rF+ Will++}
  6821 | D:6      | Reached skill level 9 in Axes
  7027 | D:6      | Found a broken altar of Ashenzari.
  7295 | D:6      | Reached skill level 7 in Fighting
  7578 | D:6      | Reached * piety under Beogh
  7738 | D:6      | Reached skill level 10 in Axes
  7799 | D:6      | Reached XP level 9. HP: 48/79 MP: 9/9
  7965 | D:6      | HP: 18/79 [something (3)]
  7980 | D:6      | HP: 17/79 [something (3)]
  7982 | D:6      | Killed an unseen horror
  7983 | D:6      | Reached skill level 7 in Armour
  7983 | D:6      | Reached skill level 7 in Shields
  7983 | D:6      | Reached skill level 2 in Invocations
  8550 | D:7      | Reached skill level 3 in Invocations
  8901 | D:7      | You pick up a book of Changes and begin reading...
  8901 | D:7      | You add the spells Beastly Appendage, Wereblood, Spider
                  | Form, Ice Form and Hydra Form to your library.
  8905 | D:7      | Found a burning altar of Makhleb.
  8928 | D:7      | HP: 14/81 [orc warrior/+0 halberd (17)]
  8929 | D:7      | HP: 5/81 [orc warrior/+0 halberd (9)]
  8936 | D:7      | Reached skill level 8 in Fighting
  8936 | D:7      | Reached skill level 4 in Invocations
  9095 | D:7      | Reached skill level 11 in Axes
  9523 | D:6      | HP: 20/81 [poisoned by a killer bee]
  9523 | D:6      | HP: 8/81 [killer bee (7)]
  9528 | D:6      | HP: 6/81 [poisoned by a killer bee]
  9528 | D:6      | Slain by a killer bee

Vanquished Creatures
  An unseen horror (D:6)
  A water moccasin (D:7)
  An orc warrior (D:7)
  An ice beast (D:6)
  A hornet zombie (D:6)
  2 sky beasts (D:6)
  A black bear (D:6)
  2 ogres
  A phantom (D:4)
  A kobold brigand (D:6)
  4 scorpions
  A water moccasin skeleton (D:6)
  4 killer bees
  A gnoll shaman (D:6)
  5 bullfrog skeletons
  A jelly (D:4)
  2 centaur skeletons
  An orc priest (D:7)
  3 hounds
  3 iguanas
  3 orc wizards
  A hound zombie (D:5)
  8 mummies (Ossuary)
  10 adders
  8 gnolls
  A shadow imp (D:6)
  2 white imps
  2 ufetubi
  3 worms
  2 dart slugs (D:4)
  13 orcs
  8 ball pythons
  3 bats (D:2)
  8 endoplasms
  3 giant cockroaches
  16 goblins
  13 hobgoblins
  5 jackals
  13 kobolds
  2 quokkas
  3 frilled lizards
  A hobgoblin zombie (Ossuary)
  4 kobold zombies (Ossuary)
  3 orc zombies (Ossuary)
  9 rats
181 creatures vanquished.

Vanquished Creatures (others)
  A plant (D:4)
1 creature vanquished.

Grand Total: 182 creatures vanquished

Table legend:
 A = Non-vault XP
 B = Vault XP
 C = Vault XP percentage of total XP
 D = Non-vault monster count
 E = Vault monster count
 F = Vault count percentage of total count
                 A         B        C        D         E       F
            +---------+---------+-------+---------+---------+-------
      Total |    3548 |     263 |   6.9 |     127 |      54 |  29.8
            +---------+---------+-------+---------+---------+-------
        D:1 |      24 |       0 |   0.0 |      15 |       0 |   0.0
        D:2 |      70 |       0 |   0.0 |      21 |       0 |   0.0
        D:3 |      44 |       0 |   0.0 |      12 |       0 |   0.0
        D:4 |     468 |     112 |  19.3 |      29 |      35 |  54.7
        D:5 |     585 |       5 |   0.8 |      13 |       3 |  18.8
        D:6 |    1679 |       0 |   0.0 |      25 |       0 |   0.0
        D:7 |     678 |       0 |   0.0 |      12 |       0 |   0.0
    Ossuary |       0 |     146 | 100.0 |       0 |      16 | 100.0
            +---------+---------+-------+---------+---------+-------

Illustrated notes

Table legend:
 A = Kills in this place as a percentage of kills in entire the game.
 B = Kills by you in this place as a percentage of kills by you in the entire game.
 C = Kills by friends in this place as a percentage of kills by friends in the entire game.
 D = Other kills in this place as a percentage of other kills in the entire game.
 E = Experience gained in this place as a percentage of experience gained in the entire game.
 F = Experience gained in this place divided by the number of levels of this place that you have seen.
                   A       B       C       D       E      F
               +-------+-------+-------+-------+-------+----------------------
         Total | 100.0 | 100.0 |   N/A |   N/A | 100.0 | 476.4
       Dungeon |  91.2 |  91.2 |   N/A |   N/A |  96.2 | 523.6
       Ossuary |   8.8 |   8.8 |   N/A |   N/A |   3.8 | 146.0
               +-------+-------+-------+-------+-------+----------------------

Table legend: (Time is in decaauts)
 A = Elapsed time spent in this place.
 B = Non-inter-level travel time spent in this place.
 C = Inter-level travel time spent in this place.
 D = Time resting spent in this place.
 E = Time spent auto-exploring this place.
 F = Levels seen in this place.
 G = Mean time per level.
                   A        B        C        D        E       F      G
               +--------+--------+--------+--------+--------+-----+--------+
         Total |   9796 |   9548 |    248 |   1101 |   6823 |   8 | 1224.5 |
       Dungeon |   9119 |   8871 |    248 |   1098 |   6259 |   7 | 1302.7 |
       Ossuary |    677 |    677 |      0 |      3 |    564 |   1 |  677.0 |
               +--------+--------+--------+--------+--------+-----+--------+

Top non-repeatable levels by time:
     D:4: 1968 daAuts
     D:6: 1798 daAuts
     D:5: 1239 daAuts
     D:1: 1227 daAuts
     D:3: 1084 daAuts
     D:2: 1025 daAuts
     D:7: 777 daAuts
 Ossuary: 677 daAuts
